Map: Ruins of Endion

Players

Nuckzer

  • Race: Zerg Zerg
  • League: Diamond

PDD - Winner!

  • Race: Terran Terran
  • League: Diamond

VOD

Have the link to the VOD?

Description

Time

  • Played on: March 30, 2016, 12:59 p.m.
  • Length: 35:22
Show
View Real Time Build Order
Export as new Build Order

Nuckzer Zerg 

Build Orders: Hatch First, Muta Ling Bane 

Get SALT Encoding   

  12  0:01  Drone  
  13  0:08  Drone  
  14  0:17  Overlord  
  14  0:33  Drone, Extractor  
  15  0:35  Drone  
  15  0:36  Drone  
  17  0:56  Hatchery  
  16  1:00  Drone  
  17  1:06  Drone, Extractor  
  17  1:16  Spawning Pool  
  16  1:19  Drone  
  16  1:23  Drone  
  18  1:31  Drone  
  19  1:38  Overlord  
  19  1:51  Drone  
  20  2:03  Drone  
  20  2:05  Queen  
  20  2:06  Metabolic Boost  
  20  2:08  Queen  
  23  2:11  Zergling x2  
  26  2:17  Zergling x2  
  27  2:37  Drone x4  
  31  2:47  Queen x2  
  31  2:50  Drone  
  36  3:06  Overlord x2  
  36  3:33  Drone x3  
  36  3:34  Drone x3  
  42  3:41  Pneumatized Carapace  
  42  3:47  Drone x3  
  45  3:49  Baneling Nest  
  45  3:52  Drone x4  
  48  3:58  Drone x2  
  48  3:59  Drone, Hatchery  
  48  4:02  Extractor  
  49  4:13  Overlord x2  
  49  4:14  Overlord, Drone  
  50  4:19  Extractor  
  50  4:20  Extractor  
  46  4:36  Drone x4  
  50  4:45  Drone x2  
  52  4:46  Drone  
  52  4:47  Drone x3  
  56  4:54  Zergling x2  
  57  5:01  Roach Warren  
  56  5:11  Zergling x4  
  58  5:18  Evolution Chamber x2  
  58  5:20  Queen  
  58  5:22  Lair  
  58  5:42  Drone, Spore Crawler  
  59  5:48  Zerg Ground Armor Level 1, Zerg Melee Weapons Level 1  
  58  5:53  Overlord  
  58  5:54  Overlord x2  
  58  5:56  Baneling  
  58  5:57  Baneling x3  
  58  5:58  Roach x6  
  58  6:01  Roach x2  
  58  6:03  Roach x2, Drone  
  79  6:18  Drone x2  
  79  6:19  Drone x7  
  79  6:20  Drone  
  89  6:27  Drone  
  89  6:28  Spire  
  87  6:50  Drone x9  
  87  6:51  Drone x2  
  87  6:53  Extractor  
  97  6:54  Overlord x2  
  97  6:55  Overlord, Extractor  
  96  7:04  Glial Reconstitution, Centrifical Hooks  
  96  7:25  Drone  
  96  7:28  Spore Crawler  
  96  7:29  Spine Crawler, Spore Crawler  
  94  7:31  Drone x3  
  94  7:32  Drone  
  94  7:34  Overlord x2  
  94  7:35  Overlord x2  
  98  7:41  Mutalisk x8  
  114  7:47  Zerg Melee Weapons Level 2  
  114  7:50  Zerg Ground Armor Level 2  
  114  7:52  Zergling x10  
  114  7:58  Mutalisk  
  119  8:01  Zergling x2  
  119  8:02  Zergling x10  
  127  8:09  Corruptor x2  
  130  8:24  Overlord  
  130  8:26  Corruptor x2  
  134  8:42  Hatchery  
  133  8:59  Corruptor x3  
  133  9:00  Corruptor  
  137  9:05  Infestation Pit  
  125  9:25  Zerg Flyer Weapons Level 1  
  105  9:38  Hatchery x2  
  103  9:49  Hive  
  103  9:52  Corruptor x2  
  103  9:53  Corruptor x5  
  117  10:03  Hatchery  
  116  10:11  Overlord  
  116  10:12  Overlord  
  116  10:13  Overlord  
  116  10:15  Pathogen Glands  
  116  10:22  Spore Crawler  
  116  10:24  Drone x3, Spore Crawler  
  116  10:26  Spore Crawler  
  116  10:31  Spire  
  113  10:46  Infestor x3  
  119  11:02  Drone x2, Extractor  
  119  11:03  Drone x4, Extractor  
  123  11:04  Corruptor x3  
  123  11:05  Corruptor  
  131  11:12  Overlord  
  131  11:26  Roach  
  131  11:27  Roach x11  
  131  11:28  Roach x3  
  161  11:35  Greater Spire  
  161  11:56  Adrenal Glands  
  161  12:03  Zerg Melee Weapons Level 3  
  161  12:17  Extractor  
  161  12:19  Zerg Ground Armor Level 3, Zerg Flyer Weapons Level 2  
  161  12:20  Extractor  
  159  12:40  Drone x5  
  158  12:57  Spore Crawler  
  146  12:59  Spore Crawler  
  146  13:01  Corruptor x7  
  157  13:40  Spore Crawler  
  150  13:42  Spore Crawler  
  150  13:44  Zerg Flyer Armor Level 1, Spore Crawler  
  150  13:45  Spore Crawler  
  150  13:46  Spore Crawler  
  134  14:05  Brood Lord x3  
  134  14:06  Brood Lord x5  
  134  14:07  Brood Lord, Corruptor  
  134  14:43  Spore Crawler  
  134  14:45  Corruptor x3, Spore Crawler  
  130  14:46  Corruptor x3  
  130  14:47  Spore Crawler  
  130  14:48  Spore Crawler  
  130  14:50  Infestor  
  122  15:14  Brood Lord x3  
  128  15:15  Brood Lord  
  128  15:20  Zergling x6  
  128  15:21  Zergling x44  
  147  15:22  Zergling x16  
  151  15:32  Extractor  
  151  15:35  Extractor  
  122  16:12  Zergling x2  
  122  16:14  Corruptor x5  
  122  16:15  Corruptor x2  
  122  16:35  Zergling x12  
  122  16:36  Zergling x16  
  133  16:40  Drone x3  
  133  16:42  Drone  
  136  17:20  Corruptor x2  
  136  17:21  Corruptor x6  
  147  17:27  Zerg Flyer Weapons Level 3  
  145  17:34  Drone x3  
  140  17:51  Zergling x4  
  140  17:54  Roach  
  140  17:55  Roach x8  
  150  18:38  Viper x4  
  152  18:42  Corruptor x3  
  148  19:06  Drone x3  
  148  19:07  Drone x3  
  136  19:26  Extractor x2  
  134  19:35  Zerg Flyer Armor Level 2  
  134  19:46  Drone x3  
  134  19:47  Drone x3  
  134  19:48  Corruptor  
  134  19:49  Corruptor x5  
  152  20:06  Spore Crawler  
  151  20:07  Spore Crawler x2  
  151  20:08  Spore Crawler  
  148  20:27  Zergling x2  
  148  20:28  Zergling x36  
  148  20:29  Zergling x30  
  157  20:46  Zergling x18  
  157  20:47  Zergling x18  
  174  20:53  Corruptor x4  
  140  21:06  Roach x12  
  140  21:09  Zerg Missile Weapons Level 1  
  140  21:33  Brood Lord  
  140  21:34  Brood Lord x3  
  140  21:39  Roach x3  
  112  22:48  Zerg Flyer Armor Level 3  
  108  22:57  Ultralisk Cavern  
  107  22:58  Corruptor  
  107  22:59  Corruptor x7  
  107  23:05  Zergling x4  
  124  23:06  Zergling x46  
  148  23:23  Drone  
  120  24:02  Corruptor  
  117  24:03  Corruptor x9  
  136  24:27  Viper x2  
  142  24:39  Drone x3  
  142  24:40  Spore Crawler  
  142  24:41  Drone  
  142  24:42  Drone x2  
  142  24:43  Spore Crawler x2  
  142  24:44  Spore Crawler  
  118  25:31  Queen  
  118  25:32  Queen x5  
  124  25:42  Ultralisk x5  
  150  25:54  Chitinous Plating  
  150  25:56  Zerg Missile Weapons Level 2  
  128  27:03  Corruptor x2  
  128  27:04  Corruptor x10  
  130  27:18  Ultralisk  
  130  27:19  Zergling x6  
  130  27:20  Zergling x22  
  150  27:35  Nydus Network  
  149  27:40  Queen  
  151  27:45  Zergling x2  
  152  27:59  Ultralisk x2  
  152  28:03  Overlord x2  
  164  28:24  Zergling x8  
  164  28:25  Zergling x10  
  164  28:26  Zergling x14  
  164  28:27  Zergling x4  
  182  28:41  Baneling x2  
  182  28:42  Baneling x7  
  182  28:43  Baneling x4  
  182  28:44  Baneling x3  
  182  28:45  Baneling  
  182  28:46  Infestor  
  182  28:47  Infestor  
  180  29:29  Nydus Canal  
  171  30:01  Nydus Canal  
  141  30:29  Corruptor  
  141  30:30  Corruptor x13  
  141  30:31  Corruptor  
  163  30:47  Infestor  
  163  30:48  Infestor  
  167  31:08  Ultralisk  
  173  31:12  Infestor  
  168  31:38  Viper x2  
  174  31:59  Baneling x4  
  164  32:25  Ultralisk x2  
  176  32:44  Brood Lord  
  178  32:46  Brood Lord  
  180  33:03  Zergling x2  
  180  33:04  Zergling x24  
  191  33:27  Hatchery  
  186  33:42  Zergling x2  
  186  33:43  Zergling x14  
  99  34:19  Zergling x2  
  99  34:20  Zergling x40  
  92  34:43  Zergling x2  
  92  34:44  Zergling x26  
  98  35:04  Zergling x2  
  98  35:05  Zergling x22  
Show
View Real Time Build Order
Export as new Build Order

PDD Terran - Winner!

Build Orders: Reaper Expand, Hellion Banshee 

Get SALT Encoding   

  12  0:01  SCV  
  13  0:13  SCV  
  14  0:18  Supply Depot  
  14  0:26  SCV  
  15  0:40  SCV  
  16  0:43  Barracks  
  16  0:46  Refinery  
  16  0:52  SCV  
  17  1:04  SCV  
  18  1:16  SCV  
  19  1:31  Reaper  
  21  1:34  Orbital Command  
  20  1:40  Command Center  
  20  1:52  Supply Depot  
  20  2:01  SCV  
  21  2:13  Barracks Reactor, SCV  
  21  2:14  Refinery  
  22  2:25  Factory  
  22  2:52  SCV  
  22  2:55  Orbital Command  
  23  2:59  Bunker  
  23  3:04  SCV  
  24  3:12  Starport  
  24  3:16  Hellion x2, SCV  
  29  3:22  SCV  
  30  3:28  SCV  
  31  3:37  Hellion x2  
  31  3:40  Marine  
  36  3:41  SCV x2  
  36  3:46  Supply Depot  
  36  3:48  Supply Depot  
  37  3:54  Starport Tech Lab  
  37  3:58  Hellion, Marine  
  37  3:59  Hellion  
  37  4:00  Refinery  
  42  4:13  Banshee  
  42  4:15  SCV x2  
  47  4:17  Cloaking Field  
  47  4:21  Hellion x2  
  51  4:33  SCV x2  
  53  4:45  Refinery, SCV x2  
  55  4:46  Engineering Bay  
  55  4:49  Supply Depot  
  55  5:00  SCV x2  
  57  5:07  Factory  
  57  5:09  Supply Depot  
  57  5:12  SCV  
  57  5:13  SCV  
  59  5:21  Missile Turret  
  59  5:24  Missile Turret  
  59  5:25  SCV  
  59  5:28  Banshee  
  60  5:29  Starport  
  60  5:33  SCV  
  64  5:37  SCV  
  65  5:46  SCV  
  66  5:52  Armory  
  66  5:54  Command Center  
  66  5:56  SCV, Missile Turret  
  67  5:58  Hi-Sec Auto Tracking, Missile Turret  
  67  5:59  Missile Turret  
  67  6:11  SCV x2  
  67  6:13  Starport Reactor  
  67  6:17  Fusion Core  
  69  6:19  Liberator  
  69  6:22  Factory Tech Lab  
  69  6:23  SCV  
  69  6:24  SCV  
  71  6:39  Liberator  
  72  6:48  Command Center  
  72  6:52  Terran Vehicle And Ship Armor Level 1  
  72  6:53  Missile Turret  
  72  6:54  Mag-Field Accelerator, Cyclone  
  72  6:55  Armory  
  72  6:57  Missile Turret  
  78  7:06  SCV x2  
  80  7:11  Refinery  
  80  7:13  Missile Turret  
  80  7:14  Refinery, Planetary Fortress  
  80  7:23  SCV x2  
  82  7:34  Missile Turret  
  82  7:38  Missile Turret  
  82  7:39  Sensor Tower  
  82  7:41  SCV x2  
  82  7:43  Missile Turret  
  84  7:46  Liberator, Missile Turret  
  84  7:47  Liberator  
  84  7:48  Advanced Ballistics  
  84  7:53  SCV  
  84  7:54  SCV  
  84  7:58  SCV  
  93  8:08  Hellion x2  
  97  8:17  Terran Vehicle Weapons Level 1  
  97  8:18  SCV x3  
  100  8:29  Building Armor  
  100  8:31  Missile Turret  
  100  8:32  Missile Turret  
  100  8:34  Liberator  
  100  8:35  Missile Turret x2  
  100  8:38  Refinery  
  100  8:40  Planetary Fortress  
  100  8:41  Refinery, SCV  
  96  9:07  SCV  
  96  9:08  SCV x2  
  99  9:10  Cyclone  
  102  9:38  SCV x2  
  102  9:39  Liberator x2, SCV x2  
  102  9:42  Viking  
  108  9:50  Starport  
  108  9:57  SCV x2  
  116  10:07  Missile Turret  
  116  10:10  Terran Ship Weapons Level 1  
  116  10:24  Sensor Tower  
  116  10:31  Hellion, SCV x3, Cyclone  
  116  10:33  Supply Depot x2  
  124  10:43  Starport Reactor  
  124  10:46  Supply Depot  
  124  10:51  Hellion, SCV, Viking x2  
  131  11:00  Command Center  
  131  11:06  Missile Turret  
  131  11:09  Missile Turret  
  131  11:10  Hellion, Cyclone  
  136  11:12  Supply Depot  
  136  11:17  Viking  
  138  11:18  Factory  
  138  11:19  Factory  
  138  11:21  Viking  
  138  11:25  Missile Turret  
  140  11:39  Viking x2  
  144  11:44  Supply Depot x2  
  144  11:47  Raven  
  144  11:52  Command Center  
  146  11:57  Missile Turret  
  146  11:59  Supply Depot  
  146  12:00  Missile Turret  
  146  12:02  Supply Depot, Missile Turret  
  146  12:05  Factory Tech Lab  
  146  12:10  Factory Tech Lab  
  146  12:15  Infernal Pre-Igniter  
  146  12:18  Terran Ship Weapons Level 2  
  146  12:19  Terran Vehicle And Ship Armor Level 2  
  146  12:30  Starport  
  146  12:32  Raven  
  146  12:33  Starport  
  146  12:34  Viking  
  150  12:46  Liberator x2  
  150  12:47  Liberator  
  150  12:51  Liberator  
  130  13:00  Cyclone x2  
  130  13:02  Cyclone  
  143  13:12  Starport Tech Lab x2  
  146  13:16  Planetary Fortress  
  126  13:58  Cyclone x2  
  126  13:59  Cyclone  
  126  14:02  Viking x5  
  143  14:18  Missile Turret  
  141  14:32  Sensor Tower  
  141  14:33  Viking, Missile Turret  
  141  14:34  Viking x4  
  141  14:36  Missile Turret  
  122  14:41  Missile Turret  
  122  14:45  Viking x2  
  119  14:54  Refinery  
  119  14:58  Refinery  
  119  15:03  Viking  
  119  15:06  Viking x4  
  123  15:07  Cyclone x2  
  123  15:12  Hellion, Cyclone  
  110  15:39  Cyclone  
  113  15:55  Hellion  
  113  15:56  Hellion x3  
  121  16:03  Terran Vehicle And Ship Armor Level 3  
  121  16:04  Terran Ship Weapons Level 3  
  108  16:11  Hellion  
  108  16:15  Missile Turret  
  94  16:21  Hellion x2  
  94  16:22  Hellion x2  
  104  16:33  Hellion  
  104  16:35  Starport Tech Lab x2  
  104  16:40  SCV  
  105  16:52  SCV  
  106  16:56  Cyclone x2  
  106  16:57  Cyclone  
  115  17:04  SCV  
  116  17:11  Hellion  
  116  17:12  Hellion  
  119  17:16  SCV  
  120  17:28  SCV  
  120  17:29  Hellion x3  
  127  17:33  Hellion x2  
  128  17:41  Command Center  
  128  17:58  Viking x2  
  128  17:59  Raven x2  
  128  18:00  Starport Tech Lab  
  136  18:06  SCV  
  136  18:11  Liberator x2  
  137  18:13  Starport  
  137  18:19  SCV  
  135  18:24  Liberator  
  133  18:31  SCV  
  127  18:43  SCV  
  131  18:55  SCV  
  132  18:57  SCV x3  
  132  18:58  Missile Turret  
  132  18:59  Missile Turret  
  135  19:07  Planetary Fortress  
  132  19:15  SCV x2  
  132  19:16  SCV x2  
  130  19:17  Factory Tech Lab  
  130  19:18  Cyclone  
  130  19:19  Hellion x2, Cyclone  
  130  19:21  Planetary Fortress  
  140  19:30  SCV x4  
  144  19:33  Terran Vehicle Weapons Level 2  
  144  19:39  Factory  
  144  19:41  Hellion x2  
  144  19:42  SCV x2  
  150  19:45  SCV  
  151  20:11  Missile Turret  
  151  20:15  Missile Turret  
  151  20:21  Missile Turret  
  125  20:32  Viking  
  125  20:33  Viking x3  
  125  20:34  Hellion, Factory Tech Lab, Cyclone x2  
  125  20:35  Cyclone  
  130  20:41  Missile Turret  
  130  20:44  Missile Turret  
  130  21:03  Refinery  
  115  21:04  Hellion, Cyclone  
  115  21:05  Hellion  
  115  21:06  Refinery, Cyclone x2  
  115  21:09  Viking  
  115  21:10  Viking x3  
  132  21:17  SCV x2  
  132  21:18  SCV x3  
  137  21:22  Refinery, Missile Turret  
  129  21:34  Hellion, Cyclone  
  129  21:37  Cyclone  
  137  21:49  Hellion x2, Cyclone  
  137  21:50  Viking x2  
  137  21:51  Raven  
  132  22:06  Cyclone  
  120  22:26  Viking x2  
  120  22:27  Viking  
  114  22:57  Missile Turret  
  114  23:00  Command Center  
  114  23:02  Supply Depot  
  114  23:08  Viking x4  
  114  23:10  Raven  
  114  23:11  Hellion  
  114  23:12  Hellion  
  130  23:34  Hellion x2  
  126  24:11  Missile Turret  
  126  24:12  Missile Turret  
  125  24:17  Liberator x2  
  125  24:30  Missile Turret  
  125  24:33  Starport Reactor  
  125  24:36  Cyclone  
  125  24:37  Hellion x3, Cyclone  
  143  25:20  Hellion, Cyclone x3  
  138  25:35  Hellion x2  
  140  25:41  Hellion  
  142  25:52  Hellion x3  
  148  26:07  Command Center  
  148  26:12  Missile Turret  
  148  26:14  Missile Turret  
  148  26:27  Raven x2  
  127  27:06  Cyclone x3  
  134  27:10  Liberator  
  134  27:11  Liberator  
  134  27:13  Hellion x2, Cyclone  
  141  27:26  Missile Turret  
  141  27:29  Missile Turret  
  147  27:30  Refinery x2, Missile Turret  
  147  27:34  Hellion x2  
  151  27:38  Cyclone  
  154  27:46  Command Center  
  154  27:51  Missile Turret  
  154  28:40  Cyclone, Missile Turret  
  154  28:41  Cyclone x3  
  163  28:44  Planetary Fortress  
  163  28:48  Missile Turret  
  166  28:50  Barracks, Missile Turret x2  
  166  28:51  Missile Turret  
  166  28:56  Hellion x2  
  166  28:59  Planetary Fortress  
  170  29:07  Sensor Tower  
  170  29:08  Missile Turret  
  170  29:12  Liberator x2  
  166  29:24  Planetary Fortress  
  166  29:29  Viking  
  166  29:30  Viking  
  176  29:31  Hellion  
  176  29:32  Hellion  
  181  29:52  SCV  
  181  30:05  SCV  
  182  30:24  Hellion x2  
  186  30:38  Liberator x2  
  184  30:54  Cyclone x2  
  184  30:55  Viking  
  198  31:02  Missile Turret  
  198  31:35  Command Center  
  198  31:42  Command Center  
  198  31:44  Raven  
  200  31:57  Missile Turret  
  200  32:17  Missile Turret  
  200  32:41  Missile Turret  
  200  32:49  Orbital Command  
  200  32:59  Missile Turret  
  197  33:18  Missile Turret  
  197  33:32  Viking  
  199  33:38  Command Center  
  199  33:45  Missile Turret  
  199  33:48  Missile Turret  
  195  33:49  Missile Turret  
  143  34:19  Viking x3  
  147  34:34  Hellion x2, Cyclone x2  
  147  34:35  Cyclone  
Tags
 
Add a new tag
Caveats
  • Supply blocks, unpowered buildings, or Contaminate may cause inaccurate times.
  • Supply counts are checked every 10 seconds.